 Dungeon Crawl Stone Soup version 0.29-a0-8-g0446c0dae4 (webtiles) character file.

Game seed: 11908937782126560545

3180 a3don the Skirmisher (level 10, -1/64 HPs)
             Began as a Djinni Hedge Wizard on Jan 27, 2022.
             Was a Believer of Hepliaklqana.
             Killed from afar by a white imp (12 damage)
             ... with a puff of frost
             ... on level 8 of the Dungeon.
             The game lasted 00:22:55 (10336 turns).

a3don the Skirmisher (Djinni Hedge Wizard)         Turns: 10336, Time: 00:22:56

Health: -1/64      AC:  9    Str:  9    XL:     10   Next: 16%
Gold:   290        EV: 12    Int: 20    God:    Hepliaklqana [**....] SH:  0 Dex: 13

rFire   + + .      SeeInvis .   x - +1 long sword (vorpal)
rCold   x . .      Faith    .   (no shield)
rNeg    + . .      Spirit   .   m - +3 leather armour
rPois   ∞          Reflect  .   D - +0 helmet
rElec   .          Harm     .   (no cloak)
rCorr   .          Rampage  .   h - +0 pair of gloves
Will    +....                   (boots unavailable)
Stlth   +++.......              (no amulet)
HPRegen 0.20/turn               o - ring of positive energy
MPRegen 0.00/turn               (no ring)

@: flying
A: reduced essence, sickness immunity, fire resistance 2, cold vulnerability 1,
float, innate caster, hp casting, extra vitality 1
a: Renounce Religion, Recall Ancestor, Ancestor Identity


You were on level 8 of the Dungeon.
You worshipped Hepliaklqana.
Hepliaklqana was pleased with you.
You visited 1 branch of the dungeon, and saw 8 of its levels.

You collected 320 gold pieces.
You spent 30 gold pieces at shops.

Inventory:

Hand Weapons
 a - a +0 dagger
 e - a +0 hunting sling
 p - a +0 halberd
 x - a +1 vorpal long sword (weapon)
Armour
 b - a +0 robe
 c - a +0 hat
 h - a +0 pair of gloves (worn)
 m - a +3 leather armour (worn)
 q - a +0 tower shield
 B - +0 steam dragon scales
 D - a +0 helmet (worn)
Jewellery
 o - a ring of positive energy (left hand)
 F - a +6 ring of dexterity
Wands
 E - a wand of acid (8)
Scrolls
 d - 2 scrolls of identify
 f - a scroll of vulnerability {unknown}
 g - 2 scrolls of blinking
 i - a scroll of enchant weapon {unknown}
 k - a scroll of noise {unknown}
 v - a scroll of teleportation {unknown}
 w - 2 scrolls of immolation {unknown}
 y - a scroll of brand weapon {unknown}
 A - a scroll of fog {unknown}
Potions
 j - a potion of attraction {unknown}
 l - 4 potions of curing
 n - 2 potions of haste
 r - a potion of ambrosia {unknown}
 s - a potion of magic {unknown}
 t - a potion of heal wounds {unknown}
 u - a potion of mutation {unknown}
 z - a potion of brilliance {unknown}
 C - 2 potions of might


   Skills:
 + Level 6.1 Fighting
 + Level 4.6 Long Blades
 + Level 5.8 Armour
 - Level 2.8 Dodging
 + Level 5.9 Stealth
 + Level 5.3 Spellcasting


You couldn't memorise any spells.
You knew the following spells:

 Your Spells              Type           Power      Damage    Failure   Level
a - Magic Dart            Conj           100%       1d8       1%          1
b - Blink                 Tloc           52%        N/A       2%          2
c - Call Imp              Summ           26%        N/A       2%          2
d - Slow                  Hex            100%       N/A       1%          1
e - Conjure Flame         Conj/Fire      26%        6-21      4%          3
f - Mephitic Cloud        Conj/Pois/Air  26%        N/A       4%          3
g - Animate Skeleton      Necr           52%        N/A       1%          1
h - Searing Ray           Conj           52%        2d6       2%          2
i - Passwall              Tmut/Erth      21%        N/A       2%          2
j - Animate Armour        Summ/Erth      52%        N/A       16%         4
Your spell library was empty.

Dungeon Overview and Level Annotations

Branches:
Dungeon (8/15)             Temple (0/1) D:5
   Lair: D:8-11

Altars:
Hepliaklqana
Makhleb
Ru
Sif Muna
Vehumet

Shops:
D:2 !((:=


Innate Abilities, Weirdness & Mutations

Your life essence is reduced to manifest your ancestor. (-10% HP)
You are immune to sickness and miasma.
You are immune to poison.
Your flesh is very heat resistant. (rF++)
You are vulnerable to cold. (rC-)
You float through the air rather than walking.
You learn spells naturally, not from books.
Your magical power is your life essence.
You have superior vitality. (+4 MHP)


Message History

Your animated leather armour hits the troll. x2
The wolf bites your animated leather armour.
Your animated leather armour hits the wolf!
Your animated leather armour closely misses the wolf.
Casting: Animate Armour (dangerous; 16% risk of failure)
Confirm with . or Enter, or press ? or * to list all spells.
Aiming: Mephitic Cloud (dangerous; 4% risk of failure)
Press: ? - help, Shift-Dir - straight line, f - troll
Aim: a troll (lightly wounded, chance to affect: 67%)
The ball explodes into a vile cloud!
The stinking cloud engulfs the troll but does no damage.
The troll is lightly wounded.
* * * LOW HITPOINT WARNING * * *
You hear a shout!
The troll is engulfed in noxious fumes.
The troll appears confused.
The white imp barely misses your animated leather armour.
Your animated leather armour hits the wolf.
Your animated leather armour hits the wolf but does no damage.
The troll is engulfed in noxious fumes.
The troll appears confused.
The troll says, "Why is everything spinning?"
The white imp gestures at you. The puff of frost hits you!
You feel a terrible chill!
* * * LOW HITPOINT WARNING * * *
The wolf is engulfed in noxious fumes.
The wolf appears confused.
The wolf is engulfed in noxious fumes.
The wolf appears confused.
Something bites your animated leather armour!
Something bites your animated leather armour. x2
Something completely misses your animated leather armour.
Something bites your animated leather armour!
Something bites your animated leather armour.
Something bites your animated leather armour but does no damage.
The wolf is engulfed in noxious fumes.
The wolf appears confused.
The seven-headed hydra bites your animated leather armour.
The seven-headed hydra bites your animated leather armour!
Your animated leather armour is destroyed!
Your animated leather armour disappears in a puff of smoke!
The wolf is engulfed in noxious fumes.
The wolf appears confused.
The white imp gestures at you. The puff of frost hits you!
You feel a terrible chill!
You die...

###.......# ##........##......##
##.D.....## ##..#...#.........#
#.........# ###..............##
#.........# ##................
##.........# #........?...#....
...........# ##.........###.....
..........5####.........## #.....
#.......D.#............<####.....
#.......§°h.....@................
#.......[...............#.....###
##.........T............####...#
#...####......#........# ##..##
#..# #......##....... ##..# #..#
##.....# ###...# ##.. ..# #.....#
#### ###.. .# ##....# ###....
....# #......


You could see a troll (confused), a wolf (confused) and a white imp.

Vanquished Creatures
  A wyvern (D:7)
  2 steam dragons
  A sky beast (D:6)
  2 ogres (D:5)
  4 wolves (D:8)
  2 centaurs
  A phantom (D:6)
  A bullfrog (D:5)
  A scorpion (D:4)
  A gnoll sergeant (D:6)
  A water moccasin zombie (D:5)
  A wyvern skeleton (D:7)
  A howler monkey (D:4)
  5 hounds
  A bullfrog skeleton (D:5)
  4 orc priests
  A jelly (D:7)
  4 iguanas
  3 orc wizards
  A hound skeleton (D:4)
  2 howler monkey zombies
  2 gnolls (D:6)
  8 adders
  A river rat (D:5)
  2 ufetubi
  3 dart slugs
  A worm (D:4)
  19 orcs
  5 bats
  8 endoplasms
  4 giant cockroaches
  3 goblins
  5 hobgoblins
  6 jackals
  2 quokkas
  3 ball pythons
  6 frilled lizards
  A kobold (D:4)
  9 rats
128 creatures vanquished.

Vanquished Creatures (collateral kills)
  A cyclops (D:7)
  An ice beast (D:7)
  A sky beast (D:7)
  An ogre (D:7)
  A howler monkey (D:6)
  A bullfrog zombie (D:6)
  An orc priest (D:6)
  4 orc wizards
  6 gnolls
  2 adders (D:6)
  2 orcs (D:7)
21 creatures vanquished.

Vanquished Creatures (others)
  A knight (D:8)
  An ancestor (D:6)
  An adder (D:6)
  3 orcs (D:7)
  A plant (D:4)
7 creatures vanquished.

Grand Total: 156 creatures vanquished

Notes
Turn   | Place    | Note
-------+----------+-------------------------------------------
     0 | D:1      | a3don the Djinni Hedge Wizard began the quest for the Orb.
     0 | D:1      | Reached XP level 1. HP: 15/15 MP: 0/0
   339 | D:1      | Reached XP level 2. HP: 17/22 MP: 0/0
   913 | D:1      | Reached XP level 3. HP: 25/26 MP: 0/0
   913 | D:1      | Learned a level 1 spell: Animate Skeleton
  1109 | D:1      | Reached skill level 1 in Fighting
  1517 | D:2      | Found Saskull's Jewellery Shoppe.
  1532 | D:2      | Found Cujen Biach's Weapon Shop.
  1645 | D:2      | Found Puzyrph's Distillery.
  1653 | D:2      | Bought a potion of curing for 30 gold pieces
  2031 | D:2      | Found Bemafi Cysu's Antique Weapon Shop.
  2042 | D:2      | Found Wafoxtim's Book Boutique.
  2609 | D:3      | Found a faded altar of an unknown god.
  2664 | D:3      | Reached XP level 4. HP: 20/32 MP: 0/0
  2942 | D:3      | Reached skill level 1 in Armour
  2942 | D:3      | Reached XP level 5. HP: 30/38 MP: 0/0
  2942 | D:3      | Learned a level 2 spell: Searing Ray
  3117 | D:3      | Found a sacrificial altar of Ru.
  3297 | D:3      | You are sucked into a shaft and drop 1 floor!
  3302 | D:4      | Reached skill level 2 in Fighting
  4023 | D:4      | Reached XP level 6. HP: 39/44 MP: 0/0
  4760 | D:4      | Found a hazy altar of Hepliaklqana.
  4807 | D:4      | Became a worshipper of Hepliaklqana the Forgotten
  4841 | D:4      | Reached skill level 3 in Fighting
  4841 | D:4      | Reached XP level 7. HP: 34/50 MP: 0/0
  4841 | D:4      | Learned a level 2 spell: Passwall
  5268 | D:5      | Entered Level 5 of the Dungeon
  5306 | D:5      | Found a staircase to the Ecumenical Temple.
  5543 | D:5      | Reached skill level 1 in Long Blades
  5879 | D:5      | Reached XP level 8. HP: 49/57 MP: 0/0
  6484 | D:5      | Reached skill level 4 in Fighting
  6691 | D:5      | Reached * piety under Hepliaklqana
  8188 | D:6      | Reached XP level 9. HP: 45/56 MP: 0/0
  8188 | D:6      | Learned a level 4 spell: Animate Armour
  8567 | D:6      | Reached ** piety under Hepliaklqana
  8567 | D:6      | Found a burning altar of Makhleb.
  8568 | D:6      | Remembered your ancestor Taribatum as a knight
  8814 | D:7      | Reached skill level 5 in Fighting
  9178 | D:7      | Reached skill level 5 in Stealth
  9186 | D:7      | Reached skill level 5 in Armour
  9471 | D:7      | Reached skill level 5 in Spellcasting
  9723 | D:7      | Noticed a cyclops
  9738 | D:7      | Killed a cyclops
  9739 | D:7      | Reached XP level 10. HP: 50/64 MP: 0/0
 10311 | D:8      | Reached skill level 6 in Fighting
 10312 | D:8      | Noticed a seven-headed hydra
 10336 | D:8      | Killed from afar by a white imp

Illustrated notes

Levels and vault maps discovered:
D:1:      roderic_dead_forest, layout_loops_ring, hangedman_decor_points,
          minmay_pentomino_z2
D:2:      layout_basic, serial_shops, nicolae_shop_behind_doors, shop,
          nicolae_shop_hallway_plus, shop_fountains, nicolae_shop_statue_plus,
          nrook_uturn, kennysheep_generic_room_8
D:3:      layout_basic, nicolae_ru_path_of_blood,
          gammafunk_temple_overflow_elements, basic_ecumenical_altar
D:4:      layout_loops_corners, gammafunk_temple_overflow_wave,
          mainiacjoe_overflow_six_doors_small
D:5:      layout_gridville, minmay_temple_entry_statues_fountains,
          cheibrodos_sewer_entry_sluice, hangedman_decor_growths
D:6:      layout_loops_ring, mainiacjoe_overflow_concentric_impassable,
          minmay_misc_feat_plants, chequers_garden
D:7:      layout_cave_pools, minmay_a_box_with_orc_wizards_in_it
D:8:      layout_cave_pods, grunt_temple_overflow_gold_and_silver,
          erik_lair_island, kennysheep_potato

Skill      XL: |  1  2  3  4  5  6  7  8  9 10 |
---------------+-------------------------------+-----
Stealth        | 2 3 4 5 |  5.9
Fighting       | 1 2 3 4 5 6 |  6.1
Armour         | 1 2 3 4 5 |  5.8
Spellcasting   | 3 4 5 |  5.3
Long Blades    | 1 2 4 |  4.6
Dodging        | |  2.8

Action                   |  1- 3 |  4- 6 |  7- 9 | 10-12 || total
-------------------------+-------+-------+-------+-------++-------
Melee: Dagger            |    22 |     1 |       |       ||    23
       Long sword        |       |     1 |    92 |     7 ||   100
       Punch             |       |       |     2 |       ||     2
 Cast: Magic Dart        |    88 |    89 |    67 |     1 ||   245
       Call Imp          |     1 |     1 |     2 |     1 ||     5
       Mephitic Cloud    |       |     1 |    26 |     3 ||    30
       Searing Ray       |       |     7 |    26 |     2 ||    35
       Blink             |       |       |       |     1 ||     1
       Animate Skeleton  |       |       |       |     1 ||     1
       Animate Armour    |       |       |       |     1 ||     1
Invok: Ancestor Identity |       |       |     1 |       ||     1
       Recall Ancestor   |       |       |     1 |       ||     1
       Ancestor Life: Kn |       |       |     1 |       ||     1
  Use: Scroll            |       |       |     5 |     1 ||     6
 Stab: Sleeping          |     2 |       |     2 |       ||     4
       Confused          |       |       |     4 |       ||     4
Armor: Robe              |     2 |       |       |       ||     2
       Leather armour    |     1 |     7 |    48 |     3 ||    59
Dodge: Dodged            |    21 |    19 |    98 |     6 ||   144

Table legend: (Time is in decaauts)
 A = Elapsed time spent in this place.
 B = Non-inter-level travel time spent in this place.
 C = Inter-level travel time spent in this place.
 D = Time resting spent in this place.
 E = Time spent auto-exploring this place.
 F = Levels seen in this place.
 G = Mean time per level.
                   A        B        C        D        E       F      G
               +--------+--------+--------+--------+--------+-----+--------+
         Total |  10365 |  10158 |    207 |   2672 |   6272 |   8 | 1295.6 |
       Dungeon |  10365 |  10158 |    207 |   2672 |   6272 |   8 | 1295.6 |
               +--------+--------+--------+--------+--------+-----+--------+

Top non-repeatable levels by time:
     D:5: 2250 daAuts
     D:4: 1974 daAuts
     D:6: 1620 daAuts
     D:2: 1398 daAuts
     D:1: 1208 daAuts
     D:7: 1120 daAuts
     D:3: 689 daAuts
     D:8: 103 daAuts
